 Dungeon Crawl Stone Soup version 0.29.0-4-gdea44cf6ec (webtiles) character file.

Game seed: 11392175194429198322

32 qw the Chopper (level 3, -2/21 HPs)
             Began as a Tengu Warper on Aug 29, 2022.
             Slain by a worm (4 damage)
             ... on level 2 of the Dungeon.
             The game lasted 00:00:05 (1101 turns).

qw the Chopper (Tengu Warper)                       Turns: 1101, Time: 00:00:06

Health: -2/21      AC:  3    Str: 13    XL:     3   Next: 27%
Magic:  7/7        EV: 12    Int: 13    God:
Gold:   75         SH:  0    Dex: 13    Spells: 6/6 levels left

rFire   . . .      SeeInvis .   Y - +0 hand axe
rCold   . . .      Faith    .   (no shield)
rNeg    . . .      Spirit   .   b - +0 leather armour
rPois   .          Reflect  .   (helmet restricted)
rElec   .          Harm     .   (no cloak)
rCorr   .          Rampage  .   (no gloves)
Will    .....                   (boots unavailable)
Stlth   +.........              (no amulet)
HPRegen 0.07/turn               (no ring)
MPRegen 0.10/turn               (no ring)

@: no status effects
A: beak, talons 3
a: no special abilities


You were on level 2 of the Dungeon.
You visited 1 branch of the dungeon, and saw 2 of its levels.

You collected 75 gold pieces.


Innate Abilities, Weirdness & Mutations

You have a beak for a mouth.
You have claws for feet.


   Skills:
 - Level 2.0 Fighting
 + Level 4.0 Axes
 - Level 1.0 Throwing
 - Level 1.1 Armour
 - Level 2.1 Dodging
 - Level 2.0 Spellcasting
 - Level 2.4 Translocations


You had 6 spell levels left.
You didn't know any spells.
Your spell library contained the following spells:

 Spells                   Type           Power      Damage    Failure   Level
 Blink                    Tloc           14%        N/A       19%         2
 Gell's Gravitas          Tloc           7%         N/A       36%         3
 Lesser Beckoning         Tloc           7%         N/A       36%         3
 Teleport Other           Tloc           7%         N/A       36%         3
 Manifold Assault         Tloc           7%         N/A       98%         5

Inventory:

Hand Weapons
 d - a +0 whip
 Y - a +0 hand axe (weapon)
Armour
 a - the +2 ring mail "Pilabb" {Int+4}
   (You found it on level 2 of the Dungeon)

   Int:       It affects your intelligence (+4).
 b - a +0 leather armour (worn)
Scrolls
 c - a scroll of enchant weapon {unknown}
 f - a scroll of identify {unknown}
 g - a scroll of fear {unknown}
Potions
 e - a potion of curing {unknown}

Dungeon Overview and Level Annotations

Branches:
Dungeon (2/15)

Altars:


Message History

Found an inky potion.
Enter note: You hit the hobgoblin but do no damage.
You peck the hobgoblin.
The hobgoblin is almost dead.
The hobgoblin barely misses you.
You hit the hobgoblin.
You kill the hobgoblin!
A kobold comes into view. It is wielding a +0 short sword.
The kobold shouts!
You hit the goblin.
You kill the goblin!
The kobold throws a stone.
The stone hits you but does no damage.
A worm comes into view.
Your Axes skill increases to level 4!
The kobold throws a stone.
The stone misses you.
You hit the kobold. Your peck misses the kobold.
The kobold is severely wounded.
The kobold hits you with a +0 short sword.
You barely miss the kobold.
The kobold is severely wounded.
The kobold hits you with a +0 short sword.
You hit the kobold.
You kill the kobold!
You hit the worm. You claw the worm.
The worm is moderately wounded.
You hit the worm. Your kick misses the worm.
The worm is heavily wounded.
The worm bites you!
You barely miss the worm. You peck the worm, but do no damage.
The worm is heavily wounded.
The worm bites you!
You hit the worm. Your kick misses the worm.
The worm is severely wounded.
You barely miss the worm.
The worm is severely wounded.
The worm barely misses you.
You hit the worm. You claw the worm, but do no damage.
The worm is severely wounded.
The worm bites you.
You die...

##############
#..........@.#
#.#########'w#
#.# ..... #.#
......!. ###.#
..........# #
#...#
............
####.###
.............
.##..#
..............
....##


You could see a worm.

Vanquished Creatures
  An adder (D:2)
  An endoplasm (D:1)
  2 giant cockroaches (D:1)
  A goblin (D:2)
  A hobgoblin (D:2)
  2 jackals (D:1)
  2 ball pythons (D:1)
  2 bats (D:1)
  3 frilled lizards (D:1)
  2 kobolds
  9 rats (D:1)
26 creatures vanquished.

Notes
Turn   | Place    | Note
-------+----------+-------------------------------------------
     0 | D:1      | qw the Tengu Warper began the quest for the Orb.
     0 | D:1      | Reached XP level 1. HP: 12/12 MP: 4/4
     0 | D:1      | 0 ||| qw: Version: 0.1-a-89-g26bdef1
     0 | D:1      | 0 ||| qw: Game counter: 3635
     0 | D:1      | 0 ||| qw: Always use a shield: true
     0 | D:1      | 0 ||| qw: God list: Okawaru
     0 | D:1      | 0 ||| qw: Allow faded altars: false
     0 | D:1      | 0 ||| qw: Do Orc after D:15 true
     0 | D:1      | 0 ||| qw: Do second Lair branch before Depths: true
     0 | D:1      | 0 ||| qw: Lair rune preference: random
     0 | D:1      | 0 ||| qw: Plans: Normal
     0 | D:1      | 0 ||| PLANNING D:1-11
   121 | D:1      | Reached skill level 3 in Axes
   121 | D:1      | Reached XP level 2. HP: 17/17 MP: 6/6
   311 | D:1      | Found a faded altar of an unknown god.
   450 | D:1      | 450 ||| Stepping ~*~*~tactically~*~*~ (stealth).
   821 | D:1      | 821 ||| Stepping ~*~*~tactically~*~*~ (stealth).
   823 | D:1      | 823 ||| Stepping ~*~*~tactically~*~*~ (stealth).
   834 | D:1      | 834 ||| READING scroll labelled ICECINULEN.
   852 | D:1      | 852 ||| Stepping ~*~*~tactically~*~*~ (stealth).
   952 | D:1      | 952 ||| Stepping ~*~*~tactically~*~*~ (stealth).
   969 | D:1      | 969 ||| DROPPING scroll of blinking.
  1014 | D:2      | Reached XP level 3. HP: 21/21 MP: 7/7
  1022 | D:2      | Identified the +2 ring mail "Pilabb" {Int+4}
  1087 | D:2      | Reached skill level 4 in Axes
  1098 | D:2      | HP: 2/21 [worm (7)]
  1101 | D:2      | Slain by a worm

Levels and vault maps discovered:
D:1:      dpeg_arrival_prison, layout_basic, shapermc_ecumenical_altar_ellora,
          minmay_3d_cube
D:2:      layout_rooms, minmay_curled_crystal, kennysheep_big_empty_room

Skill      XL: |  1  2  3 |
---------------+----------+-----
Axes           | 3 4 |  4.0
Fighting       | |  2.0
Throwing       | |  1.0
Armour         | |  1.1
Dodging        | |  2.1
Spellcasting   | |  2.0
Translocations | |  2.4

Action                   || total
-------------------------++-------
Melee: Hand axe          ||    51
       Kick              ||     8
       Peck              ||     7
Throw: Boomerang         ||     7
  Use: Scroll            ||     1
Armor: Leather armour    ||     6
Dodge: Dodged            ||    21

Table legend:
 A = Non-vault XP
 B = Vault XP
 C = Vault XP percentage of total XP
 D = Non-vault monster count
 E = Vault monster count
 F = Vault count percentage of total count
                 A         B        C        D         E       F
            +---------+---------+-------+---------+---------+-------
      Total |      37 |      10 |  21.3 |      18 |       8 |  30.8
            +---------+---------+-------+---------+---------+-------
        D:1 |      18 |      10 |  35.7 |      14 |       8 |  36.4
        D:2 |      19 |       0 |   0.0 |       4 |       0 |   0.0
            +---------+---------+-------+---------+---------+-------
